 Dungeon Crawl Stone Soup version 0.25-a0-1007-g10a8c3caa8 (webtiles) character file.

Game seed: 408661346076447920, levelgen mode: classic

35368 Amnesiac the Gelid (level 13, -10/68 HPs)
             Began as a Deep Elf Ice Elementalist on May 11, 2020.
             Was a High Priest of Vehumet.
             Killed from afar by a servant of whispers (18 damage)
             ... with a bolt of lightning
             ... on level 1 of the Elven Halls.
             The game lasted 01:01:05 (18083 turns).

Amnesiac the Gelid (Deep Elf Ice Elementalist)     Turns: 18083, Time: 01:01:06

Health: -10/68     AC: 26    Str:  8    XL:     13   Next: 47%
Magic:  5/42       EV: 20    Int: 30    God:    Vehumet [*****.]
Gold:   39         SH:  5    Dex: 15    Spells: 3/41 levels left

rFire    + . .     SeeInvis .   a - +3 dagger (elec)
rCold    + . .     Gourm    .   p - +0 buckler
rNeg     . . .     Faith    .   X - +2 steam dragon scales
rPois    .         Spirit   .   e - +0 helmet
rElec    .         Reflect  .   T - scarf {rC+ rF+}
rCorr    .         Harm     .   w - +2 pair of gloves {Str+3}
MR       +....                  E - +4 pair of boots "Jor Saiz" {Int+4}
Stlth    ++........             (no amulet)
HPRegen  0.21/turn              Q - ring of wizardry
MPRegen  0.28/turn              I - ring of magical power

@: icy armour, no potions, frozen ramparts, very slightly contaminated
A: no striking features
a: Renounce Religion


You were on level 1 of the Elven Halls.
You worshipped Vehumet.
Vehumet was extremely pleased with you.
You were not hungry.

You visited 4 branches of the dungeon, and saw 17 of its levels.
You also visited: Ossuary.

You collected 1721 gold pieces.
You spent 1682 gold pieces at shops.

Inventory:

Hand Weapons
 a - a +3 dagger of electrocution (weapon)
 b - a +2 vampiric scimitar
 n - a +1 scimitar of flaming
Missiles
 j - 201 stones (quivered)
 A - 20 poisoned darts
 F - 7 curare-tipped darts
Armour
 e - a +0 helmet (worn)
 p - a +0 buckler (worn)
 t - the cursed +1 ring mail of Wirphink {Slay+2, unknown}
   (You bought it in a shop on level 12 of the Dungeon)

   It affects your accuracy and damage with ranged weapons and melee attacks
   (+2).
   It has a curse placed upon it.
 w - a +2 pair of gloves of strength (worn)
 E - the +4 pair of boots "Jor Saiz" (worn) {Int+4}
   (You found it on level 1 of the Orcish Mines)

   It affects your intelligence (+4).
 S - a +2 robe of resistance
 T - a scarf of resistance (worn)
 U - a +1 cloak
 X - +2 steam dragon scales (worn)
Jewellery
 f - an uncursed ring of see invisible
 m - an uncursed ring of protection from cold
 I - a ring of magical power (right hand)
 L - an uncursed ring of protection from fire
 Q - a ring of wizardry (left hand)
 W - an uncursed ring of resist corrosion
Wands
 o - a wand of iceblast (22)
 s - a wand of random effects (12)
 y - a wand of acid (12)
 H - a wand of disintegration (18)
 K - a wand of enslavement (8)
 M - a wand of polymorph (7)
 Y - a wand of paralysis (4)
Scrolls
 k - 3 scrolls of enchant armour {!r}
 l - 9 scrolls of teleportation {!r}
 r - 3 scrolls of blinking {!r}
 v - 11 scrolls of remove curse {!r}
 G - 2 scrolls of fear {!r}
 N - 4 scrolls of fog {!r}
 V - 2 scrolls of magic mapping {!r}
Potions
 d - 4 potions of lignification {!q}
 g - 2 potions of resistance {!q}
 h - 4 potions of cancellation {!q}
 i - 3 potions of magic {!q}
 q - a potion of brilliance {!q}
 u - a potion of might {!q}
 x - a potion of ambrosia {!q}
 z - 9 potions of curing {!q}
 B - 3 potions of haste {!q}
 C - 2 potions of invisibility {!q}
 D - 4 potions of flight {!q}
 J - a potion of mutation {!q}
Miscellaneous
 O - a phial of floods (inert)
Comestibles
 c - 18 rations
 P - 7 chunks of flesh


   Skills:
 - Level 3.0 Fighting
 + Level 11.0 Dodging
 - Level 3.0 Stealth
 - Level 4.0 Shields
 + Level 14.9 Spellcasting
 * Level 17.5 Ice Magic
 - Level 3.0 Evocations


You had 3 spell levels left.
You knew the following spells:

 Your Spells              Type           Power        Failure   Level  Hunger
a - Ozocubu's Refrigerat  Ice            #######...   1%          6    ###....
b - Frozen Ramparts       Ice            ######       0%          3    None
c - Summon Ice Beast      Ice/Summ       ######..     1%          4    None
d - Hailstorm             Conj/Ice       ######..     1%          4    None
e - Sticky Flame          Conj/Fire      ###.....     2%          4    None
f - Lee's Rapid Deconstr  Erth           ###.......   7%          5    None
g - Freezing Cloud        Conj/Ice/Air   ######....   3%          6    ###....
h - Freeze                Ice            ####         0%          1    None
v - Blink                 Tloc           N/A          1%          2    None
z - Ozocubu's Armour      Chrm/Ice       ######..     1%          3    None

Your spell library contained the following spells:

 Spells                   Type           Power        Failure   Level  Hunger
 Foxfire                  Conj/Fire      ###.         1%          1    None
 Magic Dart               Conj           ###.         1%          1    None
 Call Imp                 Summ           ###.....     1%          2    None
 Slow                     Hex            ###.....     1%          2    None
 Conjure Flame            Conj/Fire      ###.....     1%          3    None
 Inner Flame              Hex/Fire       ###.....     1%          3    None
 Mephitic Cloud           Conj/Pois/Air  ###.....     1%          3    None
 Fireball                 Conj/Fire      ###.......   7%          5    None


Dungeon Overview and Level Annotations

Branches:
Dungeon (13/15)            Temple (1/1) D:5            Lair (0/6) D:9
    Orc (2/2) D:10            Elf (1/3) Orc:2        Vaults (0/5) D:13
Ossuary (visited)

Altars:
Ashenzari
Cheibriados
Dithmenos
Elyvilon
Fedhas
Gozag
Hepliaklqana
Kikubaaqudgha
Makhleb
Nemelex Xobeh
Okawaru
Qazlal
Ru
Sif Muna
Trog
Uskayaw
Vehumet
Wu Jian
Xom
Yredelemnul
Zin
The Shining One
Beogh
Jiyva

Shops:
D:5 !   D:10 ?   D:12 [   Orc:1 }   Orc:2 (%}%

Portals:
Desolation: Elf:1

Annotations:
D:5 exclusion: downstairs
Elf:1 Agnes


Message History

Confirm with . or Enter, or press ? or * to list all spells.
The heat is drained from your surroundings.
You resist.
You feel very cold.
Agnes is frozen.
Agnes resists.
Agnes is moderately wounded.
Agnes resists.
The wall freezes Agnes.
Agnes says, "I despise a dishonourable opponent."
Agnes completely misses you.
Agnes completely resists.
The wall freezes Agnes but do no damage.
You block Agnes's attack.
Press: ? - help, v - describe, . - travel
Here: Agnes, wielding a +2 lajatang of pain and wearing a +2 robe of cold resistance (moderately wounded)
The floor.
Unknown command.
Casting: Ozocubu's Refrigeration (safe; 1% risk of failure)
Confirm with . or Enter, or press ? or * to list all spells.
Aiming: Sticky Flame (dangerous; 2% risk of failure)
Press: ? - help, Shift-Dir - straight line, f - Agnes
Aim: Agnes, wielding a +2 lajatang of pain and wearing a +2 robe of cold resistance (moderately wounded)
The sticky flame hits Agnes.
Agnes is moderately wounded.
Agnes is covered in liquid flames!
Agnes burns!
Agnes resists.
The wall freezes Agnes.
Agnes hits you with a +2 lajatang of pain!
* * * LOW HITPOINT WARNING * * *
You writhe in agony.
* * * LOW HITPOINT WARNING * * *
Unknown command.
You cannot drink potions in your current state!
Okay, then.
Unknown command.
Unknown command.
Unknown command.
Unknown command.
Unknown command.
Unknown command.
Unknown command.
You cannot drink potions in your current state!
Unknown command.
Okay, then.
You closely miss Agnes.
Agnes is moderately wounded.
Agnes burns!
Agnes resists.
The wall freezes Agnes.
Agnes barely misses you.
The wall freezes the saltling.
Agnes resists.
The wall freezes Agnes.
Agnes hits you with a +2 lajatang of pain!
* * * LOW HITPOINT WARNING * * *
You writhe in agony.
* * * LOW HITPOINT WARNING * * *
Unknown command.
Really read
r - 4 scrolls of blinking {!r}?
Blink to where?
Press: ? - help, Dir - move target cursor, p - Agnes You are very lightly contaminated with residual magic.
As you read the scroll of blinking {!r}, it crumbles to dust. 4 elves, a saltling and a servant of whispers come into view.
The deep elf mage is wielding a +1 short sword of speed.
You hear the quiet whistling of a wind.
The deep elf knight shouts!
The deep elf mage shouts!
Agnes burns!
Agnes resists.
The wall freezes Agnes.
The wall freezes the saltling!
The saltling hits you.
* * * LOW HITPOINT WARNING * * *
Agnes resists.
The wall freezes Agnes.
The servant of whispers invokes the aid of its god against you.
The bolt of lightning hits you!!
You die...

## .# .# ##########
.######........##
.............§..#
#######.......i#######*
.** #####.###8§..p§§*
.,* *#.##*#§@§8§,,* ..*
*#.#* #e.e§§§,,** ..#
*#)#***#e§§§§§,,,* ..#
*#.#**,..§§,,,,,,,*
,,****.#**,...,,,,,,,,,*
,***,,,,,.....,,,,,,,,,*
***,,****#..e,,,********
**,,** ##..,,** *,,**
***,**


You could see Agnes (burning), a servant of whispers, a deep elf death mage, a
deep elf archer (repels missiles), a deep elf knight, a deep elf mage and 2
saltlings.

Vanquished Creatures
  Rupert (D:12)
  Snorg (D:12)
  2 ettins (Orc:2)
  Erica (D:11)
  The ghost of Amnesiac the Earth Mage, a journeyman DEWz of Vehumet (Orc:1)
  2 two-headed ogres
  4 deep elf knights (Elf:1)
  An orc high priest (Orc:1)
  An obsidian statue (D:12)
  4 orange crystal statues (D:9)
  2 deep elf archers (Elf:1)
  An orc knight (Orc:2)
  2 ugly things
  An orc sorcerer (Orc:1)
  8 deep elf magi (Elf:1)
  2 moths of wrath (Orc:1)
  Maurice (D:8)
  A centaur skeleton (D:12)
  Maggie (D:9)
  A kobold demonologist (D:10)
  3 meliai (D:12)
  A hornet (D:9)
  5 slime creatures
  4 hippogriffs
  12 yaks
  2 shadows
  A vampire (D:12)
  Eustachio (D:6)
  A wyvern (D:11)
  A spriggan (D:7)
  3 wargs (Orc:1)
  A water moccasin (D:9)
  Duvessa (D:7)
  2 black bears
  33 orc warriors
  2 sky beasts
  A hornet zombie (D:12)
  4 phantoms
  6 ogres
  14 centaurs
  2 big kobolds
  Blork the orc (D:6)
  5 bullfrogs
  Dowan (D:7)
  3 water moccasin zombies
  6 scorpions
  10 killer bees
  4 wights (D:10)
  4 crimson imps
  4 centaur zombies
  6 orc priests
  A bullfrog skeleton (D:6)
  3 hounds
  4 jellies
  15 orc wizards
  4 iguanas
  Ijyb (D:3)
  8 worker ants
  2 big kobold zombies (Ossuary)
  2 mummies (Ossuary)
  12 gnolls
  9 adders
  3 shadow imps
  3 oozes (D:3)
  4 adder zombies (Ossuary)
  A dart slug (D:1)
  3 worms
  7 leopard geckos
  83 orcs
  3 ball pythons
  7 bats
  6 giant cockroaches
  5 gnoll zombies (Ossuary)
  6 goblins
  6 hobgoblins
  10 jackals
  16 kobolds
  5 quokkas
  8 frilled lizards
  4 hobgoblin zombies (Ossuary)
  5 kobold zombies (Ossuary)
  3 orc zombies (Ossuary)
  8 rats
439 creatures vanquished.

Vanquished Creatures (collateral kills)
  A stone giant (Orc:1)
  A slime creature (D:11)
  2 wargs (Orc:1)
  An ice beast (D:7)
  An orc warrior (Orc:1)
  A bullfrog (D:12)
  A jelly (D:12)
  A crimson imp (D:11)
  An orc wizard (Orc:1)
  A hound (D:5)
  An orc (Orc:1)
12 creatures vanquished.

Grand Total: 451 creatures vanquished

Notes
Turn   | Place    | Note
-------+----------+-------------------------------------------
     0 | D:1      | Amnesiac the Deep Elf Ice Elementalist began the quest for
                  | the Orb.
     0 | D:1      | Reached XP level 1. HP: 10/10 MP: 6/6
    82 | D:1      | Reached XP level 2. HP: 14/15 MP: 0/8
   337 | D:1      | Reached skill level 5 in Ice Magic
   377 | D:1      | Reached XP level 3. HP: 19/19 MP: 7/10
   382 | D:1      | Learned a level 3 spell: Frozen Ramparts
   386 | D:1      | Learned a level 3 spell: Ozocubu's Armour
   675 | D:2      | Reached XP level 4. HP: 19/24 MP: 4/11
   736 | D:2      | Learned a level 4 spell: Summon Ice Beast
   919 | D:3      | Reached XP level 5. HP: 17/28 MP: 13/13
   919 | D:3      | Noticed Ijyb
   947 | D:3      | Reached skill level 6 in Ice Magic
   952 | D:3      | Killed Ijyb
  1524 | D:4      | Found a glowing golden altar of the Shining One.
  1629 | D:4      | Reached skill level 5 in Spellcasting
  1769 | D:5      | Entered Level 5 of the Dungeon
  1783 | D:5      | Reached skill level 1 in Evocations
  1783 | D:5      | Reached XP level 6. HP: 28/32 MP: 15/15
  1908 | D:4      | Reached skill level 7 in Ice Magic
  1988 | D:4      | Found a sand-covered staircase.
  1995 | Ossuary  | Entered an ossuary
  2001 | Ossuary  | Learned a level 4 spell: Hailstorm
  2412 | Ossuary  | Reached XP level 7. HP: 35/36 MP: 17/17
  3423 | D:5      | Found a shimmering blue altar of Sif Muna.
  3556 | D:5      | Reached skill level 8 in Ice Magic
  3991 | D:5      | Reached skill level 1 in Fighting
  3991 | D:5      | Reached XP level 8. HP: 43/43 MP: 20/20
  4128 | D:5      | Reached skill level 9 in Ice Magic
  4411 | D:5      | Found Bainud's Distillery.
  4414 | D:5      | Bought a potion of lignification for 30 gold pieces
  4414 | D:5      | Bought a potion of flight for 30 gold pieces
  4414 | D:5      | Bought a potion of curing for 30 gold pieces
  4414 | D:5      | Bought a potion of haste for 100 gold pieces
  4711 | D:5      | Found a staircase to the Ecumenical Temple.
  4939 | Temple   | Entered the Ecumenical Temple
  5202 | Temple   | Became a worshipper of Vehumet
  6162 | D:3      | Reached * piety under Vehumet
  6162 | D:3      | Offered knowledge of Sandblast by Vehumet.
  6527 | D:6      | Found a shadowy altar of Dithmenos.
  7024 | D:6      | Noticed Eustachio
  7030 | D:6      | Killed Eustachio
  7030 | D:6      | Reached skill level 10 in Ice Magic
  7059 | D:6      | Noticed Blork the orc
  7071 | D:6      | Killed Blork the orc
  7295 | D:7      | Reached XP level 9. HP: 46/50 MP: 23/23
  7397 | D:7      | Reached ** piety under Vehumet
  7397 | D:7      | Offered knowledge of Magic Dart by Vehumet.
  7742 | D:7      | Reached skill level 11 in Ice Magic
  8317 | D:7      | Noticed Duvessa
  8322 | D:7      | Killed Duvessa
  8322 | D:7      | Reached skill level 5 in Dodging
  8323 | D:7      | Noticed Dowan
  8325 | D:7      | Killed Dowan
  8784 | D:8      | Noticed Maurice
  9360 | D:8      | Killed Maurice
  9416 | D:9      | Found a staircase to the Lair.
  9622 | D:9      | Noticed a purple ugly thing
  9635 | D:9      | Killed a purple ugly thing
  9635 | D:9      | Reached skill level 1 in Shields
  9635 | D:9      | Reached skill level 10 in Spellcasting
  9635 | D:9      | Reached skill level 12 in Ice Magic
  9635 | D:9      | Reached XP level 10. HP: 49/56 MP: 26/26
  9689 | D:9      | Offered knowledge of Searing Ray by Vehumet.
  9813 | D:9      | Found a runed translucent door.
  9814 | D:9      | Noticed an orange crystal statue
  9817 | D:9      | Found the +10 tower shield of Ignorance {rN+ Int-4}
 10354 | D:9      | Found a runed translucent door.
 10356 | D:9      | Noticed Maggie
 10385 | D:9      | Killed Maggie
 10490 | D:10     | Entered Level 10 of the Dungeon
 10649 | D:10     | Found a viscous altar of Jiyva.
 10658 | D:10     | Reached *** piety under Vehumet
 10736 | D:10     | Noticed a two-headed ogre
 10743 | D:10     | Killed a two-headed ogre
 10743 | D:10     | Reached skill level 13 in Ice Magic
 10867 | D:10     | Found Heseq's Magic Scroll Shoppe.
 10954 | D:10     | Noticed a rust devil
 10971 | D:10     | Bought a scroll of magic mapping for 49 gold pieces
 10971 | D:10     | Bought a scroll of teleportation for 42 gold pieces
 10971 | D:10     | Bought a scroll of amnesia for 49 gold pieces
 10971 | D:10     | Bought a scroll of fear for 49 gold pieces
 10971 | D:10     | Bought a scroll of fog for 28 gold pieces
 10971 | D:10     | Bought a scroll of random uselessness for 14 gold pieces
 10971 | D:10     | Bought a scroll of identify for 28 gold pieces
 10971 | D:10     | Bought a scroll of remove curse for 42 gold pieces
 11099 | D:10     | Offered knowledge of Sticky Flame by Vehumet.
 11117 | D:10     | Learned a level 4 spell: Sticky Flame
 11339 | D:10     | Found a staircase to the Orcish Mines.
 11370 | D:10     | Reached XP level 11. HP: 44/60 MP: 28/28
 11752 | D:10     | Reached **** piety under Vehumet
 11853 | D:11     | Offered knowledge of Lee's Rapid Deconstruction by Vehumet.
 11863 | D:11     | Learned a level 5 spell: Lee's Rapid Deconstruction
 11920 | D:11     | Noticed Erica
 11932 | D:11     | Killed Erica
 12206 | D:11     | Reached skill level 14 in Ice Magic
 12975 | Orc:1    | Entered Level 1 of the Orcish Mines
 12975 | Orc:1    | Noticed an orc high priest
 12990 | Orc:1    | Killed an orc high priest
 13124 | Orc:1    | Reached ***** piety under Vehumet
 13256 | Orc:1    | Noticed a stone giant
 13418 | Orc:1    | Killed a stone giant
 13482 | Orc:1    | Noticed an orc sorcerer
 13490 | Orc:1    | Noticed Amnesiac's ghost (journeyman DEWz)
 13509 | Orc:1    | Killed an orc sorcerer
 13509 | Orc:1    | Reached skill level 15 in Ice Magic
 13574 | Orc:1    | Offered knowledge of Freezing Cloud by Vehumet.
 13591 | Orc:1    | Learned a level 6 spell: Freezing Cloud
 13792 | Orc:1    | Found a transporter.
 13813 | Orc:1    | Found a transporter.
 13814 | Orc:1    | Found Ineonijob's Gadget Boutique.
 14009 | Orc:1    | Killed Amnesiac's ghost
 14009 | Orc:1    | Reached XP level 12. HP: 33/64 MP: 16/30
 14034 | Orc:1    | Got a pair of ichor-stained boots
 14064 | Orc:1    | Identified the +4 pair of boots "Jor Saiz" {Int+4} (You
                  | found it on level 1 of the Orcish Mines)
 14124 | Orc:1    | Identified a scroll of acquirement {!r}
 14150 | Orc:2    | Entered Level 2 of the Orcish Mines
 14179 | Orc:2    | Noticed a two-headed ogre
 14192 | Orc:2    | Killed a two-headed ogre
 14207 | Orc:2    | Found an iron altar of Okawaru.
 14279 | Orc:2    | Noticed an ettin
 14288 | Orc:2    | Killed an ettin
 14683 | Orc:2    | Found Gime's Gadget Shop.
 14683 | Orc:2    | Found Raunetir's Food Emporium.
 14685 | Orc:2    | Found Minyigeg's Weapon Shoppe.
 14687 | Orc:2    | Found Gut Cun's Food Boutique.
 14806 | Orc:2    | Learned a level 2 spell: Blink
 14841 | Orc:2    | Noticed an ettin
 14866 | Orc:2    | Killed an ettin
 14866 | Orc:2    | Reached skill level 16 in Ice Magic
 14919 | Orc:2    | Found a staircase to the Elven Halls.
 15191 | Orc:2    | Found a roughly hewn altar of Beogh.
 15362 | Orc:1    | Bought a wand of enslavement (8) for 170 gold pieces
 15362 | Orc:1    | Bought a wand of polymorph (3) for 85 gold pieces
 15543 | D:5      | Bought a potion of brilliance for 40 gold pieces
 15543 | D:5      | Bought a potion of resistance for 100 gold pieces
 15543 | D:5      | Bought a potion of invisibility for 80 gold pieces
 15543 | D:5      | Bought a potion of magic for 80 gold pieces
 16293 | D:12     | Noticed Rupert
 16338 | D:12     | Found Cueklov's Antique Armour Shop.
 16635 | D:12     | Reached skill level 10 in Dodging
 16714 | D:12     | Paralysed by Rupert for 6 turns
 16758 | D:12     | Killed Rupert
 16758 | D:12     | Reached XP level 13. HP: 56/68 MP: 3/33
 17020 | D:12     | Noticed Snorg
 17033 | D:12     | Killed Snorg
 17518 | D:12     | Identified the +4 lajatang "Beetlebane" {antimagic, rPois
                  | MR+} (You acquired it on level 12 of the Dungeon)
 17518 | D:12     | Identified the Papyrus of Displacement (You acquired it on
                  | level 12 of the Dungeon)
 17543 | D:13     | Found a gate to the Vaults.
 17683 | D:12     | Bought a heavily runed ring mail for 252 gold pieces
 17792 | Orc:2    | Bought a wand of acid (12) for 384 gold pieces
 17829 | Elf:1    | Entered Level 1 of the Elven Halls
 17842 | Elf:1    | Reached skill level 17 in Ice Magic
 17935 | Elf:1    | Offered knowledge of Ozocubu's Refrigeration by Vehumet.
 17957 | Elf:1    | Learned a level 6 spell: Ozocubu's Refrigeration
 18075 | Elf:1    | Found a ruined gateway.
 18077 | Elf:1    | Noticed Agnes
 18083 | Elf:1    | Noticed a deep elf death mage
 18083 | Elf:1    | Killed from afar by a servant of whispers

Illustrated notes

Levels and vault maps discovered:
D:1:      doesnt_arrival_eight_statues, layout_rooms
D:2:      layout_basic, minmay_misc_feat_diagonals, minmay_misc_feat_tiny
D:3:      minmay_chambers_of_twos, layout_rooms, uniq_ijyb
D:4:      layout_layer_cave, kennysheep_little_box, chequers_ossuary_entry_cave,
          minmay_misc_feat_square
D:5:      kennysheep_spiral_hall, layout_basic, lemuel_temple_firewalk_a,
          first_ration, serial_shops, kennysheep_mini_moat, led_sif_book
D:6:      kennysheep_six_static_rooms, layout_basic,
          nicolae_dithmenos_through_a_glass_darkly, uniq_blork_the_orc,
          uniq_eustachio
D:7:      layout_basic, hangedman_decor_peaks_small, the_bakery,
          minmay_misc_feat_four_crosses, nicolae_benzene_ring, uniq_duvessa
D:8:      layout_loops_ring, uniq_maurice
D:9:      layout_gridville, dpeg_oklobed_lair,
          chequers_guarded_unrand_ignorance, uniq_maggie
D:10:     layout_loops_corners, david_orc_2, serial_shops,
          nicolae_shop_waterfront, special_room [special_room_orc],
          jiyva_altar_1
D:11:     layout_gridville, lemuel_statue_altar, uniq_erica
D:12:     layout_basic, serial_shops, shop, minivault_16, uniq_rupert,
          uniq_snorg
D:13:     layout_gridville, david_vaults_3
Temple:   roderic_octagonal_lattice_temple
Orc:1:    layout_caves, gammafunk_ghost_berserking_beasts, serial_shops,
          shop_coins
Orc:2:    st_orc_rangers, layout_caves, basic_altar, okawaru_metal_pillars_1_2
Elf:1:    eino_elf_arrival_customs, layout_rooms, serial_shops, shop,
          serial_sigils, serial_sigils_hangedman_clutch,
          serial_sigils_hangedman_stare, serial_sigils_hangedman_gut,
          serial_sigils_hangedman_scratch, portal_desolation_entry_salt,
          hangedman_elf_disciples, uniq_agnes, uniq_frances

Skill      XL: |  1  2  3  4  5  6  7  8  9 10 11 12 13 |
---------------+----------------------------------------+-----
Ice Magic      | 5 6 7 8 10 12 13 15 16 17 | 17.5
Dodging        | 3 5 8 10 11 | 11.0
Spellcasting   | 4 5 6 8 10 11 12 14 | 14.9
Evocations     | 1 2 3 |  3.0
Stealth        | 3 |  3.0
Fighting       | 1 3 |  3.0
Shields        | 1 3 4 |  4.0

Action                   |  1- 3 |  4- 6 |  7- 9 | 10-12 | 13-15 || total
-------------------------+-------+-------+-------+-------+-------++-------
Melee: Unarmed           |    15 |       |       |       |       ||    15
       Halberd           |     1 |    22 |       |       |       ||    23
       Dagger            |       |   138 |   245 |   294 |    27 ||   704
 Fire: Shortbow          |       |       |   149 |       |       ||   149
Throw: Stone             |     9 |       |    32 |   100 |     9 ||   150
       Dart              |    11 |    67 |   119 |    22 |       ||   219
       Boomerang         |       |       |     2 |       |       ||     2
 Cast: Freeze            |    39 |    11 |    33 |    32 |     1 ||   116
       Frozen Ramparts   |     4 |     8 |    29 |    60 |    10 ||   111
       Ozocubu's Armour  |       |     4 |     9 |     9 |     2 ||    24
       Hailstorm         |       |       |     2 |    51 |     6 ||    59
       Summon Ice Beast  |       |       |     3 |    31 |     5 ||    39
       Lee's Rapid Decon |       |       |       |    25 |     5 ||    30
       Freezing Cloud    |       |       |       |     9 |     1 ||    10
       Sticky Flame      |       |       |       |     5 |    11 ||    16
       Blink             |       |       |       |     5 |       ||     5
       Ozocubu's Refrige |       |       |       |       |     8 ||     8
Evoke: Wand              |       |       |       |     5 |     1 ||     6
       Phial of floods   |       |       |       |     1 |       ||     1
  Use: Potion            |       |     1 |     3 |     8 |       ||    12
       Scroll            |       |       |       |    14 |     4 ||    18
 Stab: Sleeping          |       |     1 |     1 |     2 |       ||     4
       Distracted        |       |       |       |     1 |       ||     1
  Eat: Chunk             |       |     4 |    13 |    18 |     6 ||    41
       Ration            |       |     1 |     2 |     2 |       ||     5
Armor: Robe              |    13 |    32 |    52 |     1 |       ||    98
       Leather armour    |       |       |    16 |       |       ||    16
       Steam dragon scal |       |       |       |    82 |    15 ||    97
Dodge: Dodged            |    33 |    96 |   238 |   283 |    24 ||   674
Block: Buckler           |       |       |       |    69 |     8 ||    77

Table legend:
 A = Non-vault XP
 B = Vault XP
 C = Vault XP percentage of total XP
 D = Non-vault monster count
 E = Vault monster count
 F = Vault count percentage of total count
                 A         B        C        D         E       F
            +---------+---------+-------+---------+---------+-------
      Total |   29507 |   21019 |  41.6 |     309 |     142 |  31.5
            +---------+---------+-------+---------+---------+-------
        D:1 |      56 |       0 |   0.0 |      32 |       0 |   0.0
        D:2 |     102 |       0 |   0.0 |      19 |       0 |   0.0
        D:3 |     115 |      75 |  39.5 |      27 |       9 |  25.0
        D:4 |     235 |       0 |   0.0 |      16 |       0 |   0.0
        D:5 |     738 |     188 |  20.3 |      21 |       5 |  19.2
        D:6 |     523 |     478 |  47.8 |      24 |       4 |  14.3
        D:7 |    1176 |     429 |  26.7 |      21 |       3 |  12.5
        D:8 |     391 |     462 |  54.2 |       3 |       1 |  25.0
        D:9 |    2584 |    3049 |  54.1 |      14 |       5 |  26.3
       D:10 |    2610 |     909 |  25.8 |      30 |      34 |  53.1
       D:11 |    4401 |     929 |  17.4 |      33 |       1 |   2.9
       D:12 |    3095 |    4558 |  59.6 |      15 |       3 |  16.7
      Orc:1 |    3281 |    2695 |  45.1 |      23 |       8 |  25.8
      Orc:2 |    4046 |    4303 |  51.5 |      22 |      37 |  62.7
      Elf:1 |    6154 |    2684 |  30.4 |       9 |       5 |  35.7
    Ossuary |       0 |     260 | 100.0 |       0 |      27 | 100.0
            +---------+---------+-------+---------+---------+-------
